 Dungeon Crawl Stone Soup version 0.26-a0-651-gb41185065b (webtiles) character file.

Game seed: 7460944528010719159

88 Azzok the Skirmisher (level 4, 0/58 HPs)
             Began as a Demonspawn Berserker on Oct 30, 2020.
             Was a Believer of Trog.
             Succumbed to a kobold's poison
             ... on level 2 of the Dungeon.
             The game lasted 00:01:46 (2293 turns).

Azzok the Skirmisher (Demonspawn Berserker)         Turns: 2293, Time: 00:01:46

Health: 0/58       AC:  5    Str: 18    XL:     4   Next: 30%
Magic:  1/4        EV: 11    Int:  9    God:    Trog [**....]
Gold:   134        SH:  0    Dex: 12    Spells: 3/3 levels left

rFire    . . .     SeeInvis .   a - +0 hand axe
rCold    . . .     Faith    .   (no shield)
rNeg     . . .     Spirit   +   h - +0 ring mail
rPois    .         Reflect  .   (no helmet)
rElec    .         Harm     .   (no cloak)
rCorr    .         Rampage  .   (no gloves)
MR       .....                  (no boots)
Stlth    ..........             (no amulet)
HPRegen  0.19/turn              (no ring)
MPRegen  0.18/turn              (no ring)

@: berserking, lethally poisoned (0 -> -12), very quick
A: magic shield, magic regeneration
a: Berserk, Trog's Hand, Renounce Religion


You were on level 2 of the Dungeon.
You worshipped Trog.
Trog was pleased with you.
You visited 1 branch of the dungeon, and saw 3 of its levels.

You collected 134 gold pieces.

Inventory:

Hand Weapons
 a - a +0 hand axe (weapon)
Armour
 h - a +0 ring mail (worn)
Jewellery
 k - an uncursed ring of poison resistance {unknown}
Scrolls
 b - a scroll of amnesia {unknown}
 d - 6 scrolls of identify {unknown}
 f - 2 scrolls of magic mapping {unknown}
 j - a scroll of enchant armour {unknown}
 l - a scroll of random uselessness {unknown}
 n - a scroll of enchant weapon {unknown}
 o - a scroll of teleportation {unknown}
Potions
 c - a potion of flight {unknown}
 e - 2 potions of lignification {unknown}
 g - a potion of curing {unknown}
 i - a potion of resistance {unknown}
 m - a potion of brilliance {unknown}


   Skills:
 + Level 5.2 Fighting
 - Level 2.6 Axes
 - Level 1.7 Armour
 - Level 1.7 Dodging


You had 3 spell levels left.
You didn't know any spells.
Your spell library was empty.

Dungeon Overview and Level Annotations

Branches:
Dungeon (3/15)

Altars:
Okawaru


Innate Abilities, Weirdness & Mutations

When hurt, damage is shared between your health and your magic reserves.
You regenerate magic rapidly.


Message History

The boomerang hits you but does no damage.
The weapon returns to the orc!
The adder closely misses you.
There is a stone staircase leading up here.
* * * LOW HITPOINT WARNING * * *
You feel sick. The adder bites you.
* * * LOW HITPOINT WARNING * * *
You are more poisoned.
The adder poisons you!
The kobold throws a poisoned dart.
The poisoned dart hits you!
You are more poisoned.
The orc throws a boomerang.
The boomerang hits you.
* * * LOW HITPOINT WARNING * * *
The weapon returns to the orc!
You climb upwards.
* * * LOW HITPOINT WARNING * * *
You feel sick.
There is a stone staircase leading down here.
A red film seems to cover your vision as you go berserk!
You feel yourself moving faster!
You feel mighty!
You die...

▒▒▒▒▒▒▒▒▒▒▒·▒▒·▒
▒·········▒·▒▒·▒
▒·▒▒▒▒▒▒▒·▒·▒▒·▒
▒·▒····▒▒·▒·▒▒·▒
▒·▒·▒▒·▒▒·▒·▒▒·▒
▒·▒·▒▒·▒▒·▒·▒▒·▒
▒·▒·▒▒·▒▒·▒·▒▒·▒
▒▒▒·▒·▒▒·▒▒·▒·▒▒(▒
···············S@▒
····▒·········)·▒▒
▒▒▒▒▒▒▒▒▒▒▒▒▒·▒·▒
·▒·▒▒▒▒····▒▒·▒·▒
▒·▒▒▒·····▒·▒·▒·▒
·▒·······▒▒▒▒·▒·▒
··▒·····▒·▒ ▒·▒·▒
▒··(·▒·▒▒▒▒ ▒·▒·▒
·▒)·▒·▒·▒ ▒·▒·▒


You could see an adder.

Vanquished Creatures
  2 gnolls (D:1)
  An adder (D:2)
  2 oozes
  3 worms
  A leopard gecko (D:2)
  6 goblins
  6 hobgoblins
  4 jackals (D:2)
  A ball python (D:2)
  6 bats
  A frilled lizard (D:1)
  5 kobolds
  7 rats
45 creatures vanquished.

Notes
Turn   | Place    | Note
-------+----------+-------------------------------------------
     0 | D:1      | Azzok the Demonspawn Berserker began the quest for the Orb.
     0 | D:1      | Reached XP level 1. HP: 18/18 MP: 1/1
   139 | D:1      | Gained mutation: When hurt, damage is shared between your
                  | health and your magic reserves. [demonic ancestry]
   139 | D:1      | Reached XP level 2. HP: 20/25 MP: 2/2
   755 | D:1      | Reached skill level 4 in Fighting
  1063 | D:1      | Reached XP level 3. HP: 30/30 MP: 3/3
  1458 | D:2      | Found an iron altar of Okawaru.
  1585 | D:2      | Reached ** piety under Trog
  1697 | D:2      | Gained mutation: You regenerate magic rapidly. [demonic
                  | ancestry]
  1697 | D:2      | Reached XP level 4. HP: 35/38 MP: 4/4
  1704 | D:2      | Reached skill level 5 in Fighting
  2292 | D:2      | HP: 1/39 [poisoned by a kobold]
  2293 | D:2      | Succumbed to a kobold's poison

Illustrated notes

Levels and vault maps discovered:
D:1:      mainiacjoe_arrival_reflecting_pool, layout_basic
D:2:      wad_crossroads, layout_basic, okawaru_metal_pillars_3
D:3:      layout_basic, uniq_robin

Skill      XL: |  1  2  3  4 |
---------------+-------------+-----
Fighting       | 4 5 |  5.2
Axes           | |  2.6
Armour         | |  1.7
Dodging        | |  1.7

Action                   |  1- 3 |  4- 6 || total
-------------------------+-------+-------++-------
Melee: Hand axe          |   102 |    41 ||   143
Invok: Berserk           |     2 |     1 ||     3
Armor: Animal skin       |    10 |       ||    10
       Ring mail         |    25 |    10 ||    35
Dodge: Dodged            |    74 |    19 ||    93

Table legend: (Time is in decaauts)
 A = Elapsed time spent in this place.
 B = Non-inter-level travel time spent in this place.
 C = Inter-level travel time spent in this place.
 D = Time resting spent in this place.
 E = Time spent auto-exploring this place.
 F = Levels seen in this place.
 G = Mean time per level.
                   A        B        C        D        E       F      G
               +--------+--------+--------+--------+--------+-----+--------+
         Total |   2336 |   2313 |     23 |     31 |   1939 |   3 |  778.7 |
       Dungeon |   2336 |   2313 |     23 |     31 |   1939 |   3 |  778.7 |
               +--------+--------+--------+--------+--------+-----+--------+

Top non-repeatable levels by time:
     D:1: 1233 daAuts
     D:2: 984 daAuts
     D:3: 119 daAuts
